 Dungeon Crawl Stone Soup version 0.17-a0-910-ga669010 (webtiles) character file.

13846 Woebin the Slicer (level 12, -2/84 HPs)
             Began as a Kobold Berserker on May 2, 2015.
             Was a High Priest of Trog.
             Slain by a komodo dragon (20 damage)
             ... on level 2 of the Lair of Beasts.
             The game lasted 00:56:34 (13505 turns).

Woebin the Slicer (Kobold Berserker)               Turns: 13505, Time: 00:56:34

Health: -2/84      AC: 16    Str: 20    XL:     12   Next: 37%
Magic:  12/12      EV: 30    Int:  5    God:    Trog [*****.]
Gold:   437        SH:  0    Dex: 24    Spells: 0 memorised, 11 levels left

rFire  . . .     SeeInvis .     a - +3 short sword (venom)
rCold  . . .     Clarity  .     h - +3 leather armour {rPois}
rNeg   + . .     SustAb   .     (shield restricted)
rPois  +         Gourm    .     q - +1 hat {MR+}
rElec  .         Spirit   .     N - +2 cloak
rCorr  .         Warding  +     (no gloves)
rMut   .         Stasis   .     I - +0 pair of boots {Stlth+}
MR     ++...                    H - brooch of Shielding {Ward rN+ AC+4 EV+4}
Stlth  +++++.....               A - ring "Zabiejysk" {MR+ Dex+6}
                                r - ring of flight

@: exhausted, slowed, studying Long Blades, very slow, very resistant to hostile
enchantments, quite stealthy
A: agile 1, blurry vision 1, carnivore 3, robust 1
a: Burn Spellbooks, Berserk, Trog's Hand, Brothers in Arms, Renounce Religion,
Evoke Flight


You were on level 2 of the Lair of Beasts.
You worshipped Trog.
Trog was extremely pleased with you.
You were very full.

You visited 3 branches of the dungeon, and saw 12 of its levels.
You also visited: Sewer.

You collected 731 gold pieces.
You spent 294 gold pieces at shops.

Inventory:

Hand weapons
 a - a +3 short sword of venom (weapon)
 b - a +2 flail of crushing
 E - a +0 hunting sling
 M - the +1 hammer of Abomination {flame, rF- rN+ Stlth+}
   (You found it on level 6 of the Dungeon)

   It has been specially enchanted to burn those struck by it, causing extra
   injury to most foes and up to half again as much damage against particularly
   susceptible opponents.
   It makes you vulnerable to fire.
   It protects you from negative energy.
   It makes you more stealthy.
 O - a +1 mace of freezing
Missiles
 j - 12 sling bullets
 s - 13 tomahawks (quivered)
 D - 32 steel sling bullets
 P - 18 sling bullets of frost
 R - 27 sling bullets of flame
Armour
 h - a +3 leather armour of poison resistance (worn)
 q - a +1 hat of magic resistance (worn)
 y - a +4 chain mail
 I - a +0 pair of boots of stealth (worn)
 N - a +2 cloak (worn)
Jewellery
 r - a ring of flight (left hand)
 A - the ring "Zabiejysk" (right hand) {MR+ Dex+6}
   (You found it on level 1 of the Lair of Beasts)

   [ring of protection from magic]

   It affects your dexterity (+6).
   It affects your resistance to hostile enchantments.
 B - an uncursed amulet of guardian spirit {unknown}
 H - the brooch of Shielding (around neck) {Ward rN+ AC+4 EV+4}
   (You found it on level 7 of the Dungeon)

   [amulet of warding]

   It may prevent the melee attacks of summoned creatures.
   It affects your AC (+4).
   It affects your evasion (+4).
   It protects you from negative energy.
 T - an uncursed ring of magical power
 X - an uncursed ring of teleportation
Magical devices
 c - a wand of slowing (3)
 m - a wand of confusion (34)
 v - a wand of digging (14)
 U - a wand of random effects (10)
 V - a wand of cold (5)
Scrolls
 o - 4 scrolls of teleportation
 p - 7 scrolls of remove curse
 u - 4 scrolls of identify
 w - 3 scrolls of fear
 Q - a scroll of magic mapping
 Z - a scroll of random uselessness {unknown}
Potions
 d - 2 potions of invisibility {unknown}
 e - a potion of beneficial mutation {unknown}
 g - a potion of cure mutation {unknown}
 i - a potion of cancellation {unknown}
 k - 3 potions of brilliance
 l - 9 potions of curing
 n - a potion of lignification {unknown}
 t - 6 potions of heal wounds
 x - a potion of might
 C - a potion of flight {unknown}
 F - 2 potions of mutation
 G - a potion of magic {unknown}
 L - 2 potions of agility
 W - a potion of ambrosia {unknown}
Books
 J - a book of the Sky

   Spells                             Type                      Level
   a - Flight                         Charms/Air                   3
   b - Airstrike                      Air                          4
   c - Silence                        Hexes/Air                    5
   d - Deflect Missiles               Charms/Air                   6
   e - Conjure Ball Lightning         Conjuration/Air              6
   f - Tornado                        Air                          9
   Trog disapproves of the use of such an item.
 Y - a manual of Long Blades
Comestibles
 f - 2 royal jellies
 z - 3 meat rations
 K - a slice of pizza
 S - 7 beef jerkies


   Skills:
 + Level 10.2 Fighting
 + Level 10.8 Short Blades
 + Level 7.7 Maces & Flails
 - Level 5.0 Slings
 + Level 7.6 Armour
 + Level 10.0 Dodging
 * Level 4.4 Stealth


You had 11 spell levels left.
You didn't know any spells.

Dungeon Overview and Level Annotations

Branches:
Dungeon (9/15)             Temple (1/1) D:5            Lair (2/8) D:9
    Orc (0/4) D:9

Altars:
Ashenzari
Cheibriados
Dithmenos
Elyvilon
Fedhas
Gozag
Kikubaaqudgha
Makhleb
Nemelex Xobeh
Okawaru
Qazlal
Ru
Sif Muna
Trog
Vehumet
Xom
Yredelemnul
Zin
The Shining One

Shops:
D:6 [


Innate Abilities, Weirdness & Mutations

You are small and have problems with some larger weapons.
You are carnivorous and can eat meat at any time.
You are agile. (Dex +2)
Scrolls take you a little longer to read.
You are robust (+10% HP).


Message History

You hit the komodo dragon but do no damage.
The komodo dragon looks even sicker.
The komodo dragon is moderately wounded.
You closely miss the komodo dragon.
The komodo dragon is moderately wounded.
The komodo dragon bites you!!
You puncture the komodo dragon!
The komodo dragon is heavily wounded.
The komodo dragon misses you.
You hit the komodo dragon but do no damage.
The komodo dragon is heavily wounded.
The komodo dragon bites you!!
* * * LOW HITPOINT WARNING * * *
You hit the komodo dragon.
The komodo dragon is severely wounded.
The komodo dragon completely misses you.
You hit the komodo dragon but do no damage.
The komodo dragon is severely wounded.
The komodo dragon bites you!!
You die...

...... .#. ..#..P# .........
........ ........... ...[.....
.............
..............<.........
.........................
..........................
...............l...........
.(.......... #P@P##...PP.#.
P..##......####.P...#..#>....
.<...#......#................
...........#...)...P.........
.††..#.....##.................
...........##......##).#......
............#..#.#$##.........
....P....††#.###.#............
..........†............#.##.###


You could see a komodo dragon.

Vanquished Creatures
  Gastronok (D:9)
  A centaur warrior (D:9)
  A hydra (D:9)
  Urug (Lair:2)
  Pikel (D:5)
  A harpy (D:9)
  A cyclops (D:9)
  Joseph (D:7)
  A black mamba (Lair:2)
  2 spiny frogs (Lair:1)
  A komodo dragon (Lair:1)
  A two-headed ogre (D:9)
  9 yaks (Lair:1)
  3 hippogriffs
  3 wolves (Lair:2)
  A hungry ghost (D:9)
  3 water moccasins
  2 ice beasts (D:5)
  An orc warrior (D:8)
  2 porcupines (Lair:1)
  A sky beast (D:5)
  4 ogres
  6 phantoms
  A wasp (D:7)
  An eye of draining (D:9)
  A necrophage (D:7)
  4 crocodiles (Lair:1)
  3 centaurs
  3 big kobolds
  3 giant frogs
  A scorpion (D:5)
  3 troll zombies (D:9)
  9 wights (D:7)
  4 crimson imps
  7 hounds
  4 orc priests
  2 centaur zombies
  A quasit (D:8)
  2 jellies
  Crazy Yiuf (D:6)
  2 iguanas
  2 giant frog skeletons
  8 orc wizards
  Terence (D:2)
  8 worker ants
  5 ogre zombies (D:9)
  A hound zombie (D:5)
  A hound skeleton (D:7)
  Robin (D:3)
  10 river rats (Lair:2)
  7 adders
  8 gnolls
  3 oozes
  An adder skeleton (D:6)
  2 adder zombies
  5 worms
  33 orcs
  13 bats
  A bat zombie (D:5)
  7 giant cockroaches
  21 goblins
  9 hobgoblins
  28 kobolds
  6 ball pythons
  4 giant geckos
  7 giant newts
  A goblin zombie (D:9)
  5 hobgoblin zombies (D:9)
  3 jackals
  A jackal skeleton (D:4)
  3 orc skeletons (D:9)
  16 orc zombies (D:9)
  16 rats
337 creatures vanquished.

Vanquished Creatures (others)
  A hobgoblin (D:5)
1 creature vanquished.

Grand Total: 338 creatures vanquished

Notes
Turn   | Place    | Note
--------------------------------------------------------------
     0 | D:1      | Woebin, the Kobold Berserker, began the quest for the Orb.
     0 | D:1      | Reached XP level 1. HP: 14/14 MP: 1/1
   383 | D:1      | Reached XP level 2. HP: 19/19 MP: 2/2
  1046 | D:2      | Reached XP level 3. HP: 23/23 MP: 3/3
  1381 | D:2      | Acquired Trog's second power
  1913 | D:2      | Noticed Terence
  1938 | D:2      | Killed Terence
  1938 | D:2      | Reached skill level 5 in Short Blades
  1938 | D:2      | Reached XP level 4. HP: 29/29 MP: 4/4
  2092 | D:3      | Reached XP level 5. HP: 33/33 MP: 5/5
  2154 | D:3      | Noticed Robin
  2174 | D:3      | Killed Robin
  2333 | D:3      | Reached XP level 6. HP: 27/39 MP: 6/6
  2351 | D:3      | Reached skill level 1 in Slings
  2893 | D:4      | Reached skill level 6 in Short Blades
  3271 | D:4      | Reached skill level 5 in Fighting
  3271 | D:4      | Reached XP level 7. HP: 19/44 MP: 7/7
  4114 | D:4      | Received a gift from Trog
  4676 | D:5      | Entered Level 5 of the Dungeon
  4723 | D:5      | Found a staircase to the Ecumenical Temple.
  4745 | Temple   | Entered the Ecumenical Temple
  4992 | D:5      | Found a sparkling altar of Nemelex Xobeh.
  5006 | D:5      | Reached XP level 8. HP: 39/50 MP: 8/8
  5018 | D:5      | Reached skill level 1 in Maces & Flails
  5701 | D:5      | Noticed Pikel
  5712 | D:5      | Killed Pikel
  5712 | D:5      | Reached skill level 7 in Short Blades
  5712 | D:5      | Reached skill level 5 in Armour
  5712 | D:5      | Reached XP level 9. HP: 56/56 MP: 9/9
  5793 | D:5      | Reached skill level 5 in Dodging
  6086 | D:6      | Acquired Trog's third power
  6239 | D:6      | Reached skill level 5 in Slings
  6295 | D:6      | Found Ygayhon's Armour Boutique.
  6366 | D:6      | Got a slimy hammer
  6367 | D:6      | Identified the cursed +1 hammer of Abomination {flame, rF- rN+ Stlth+} (You found it on level 6 of the Dungeon)
  6373 | D:6      | Noticed Crazy Yiuf
  6384 | D:6      | Killed Crazy Yiuf
  6509 | D:6      | Found a glowing drain.
  6546 | Sewer    | Entered a sewer
  6683 | Sewer    | Received a gift from Trog
  7147 | D:6      | Found a basalt altar of Yredelemnul.
  7607 | D:7      | Noticed Joseph
  7643 | D:7      | Killed Joseph
  7643 | D:7      | Reached XP level 10. HP: 44/63 MP: 10/10
  7665 | D:7      | Reached skill level 8 in Short Blades
  8352 | D:7      | Found a deep blue altar of Sif Muna.
  8444 | D:7      | Reached skill level 5 in Maces & Flails
  8840 | D:8      | Identified a scroll of acquirement
  8968 | D:8      | Gained mutation: Scrolls take you a little longer to read. [potion of mutation]
  8968 | D:8      | Gained mutation: You are agile. (Dex +2) [potion of mutation]
  8968 | D:8      | Gained mutation: You are robust (+10% HP). [potion of mutation]
  9374 | D:9      | Received a gift from Trog
  9410 | D:9      | Found a staircase to the Orcish Mines.
  9522 | D:9      | Reached skill level 9 in Short Blades
  9875 | D:9      | Found a runed door.
  9875 | D:9      | Noticed a cyclops
  9891 | D:9      | Killed a cyclops
 10076 | D:9      | Noticed a centaur warrior
 10099 | D:9      | Killed a centaur warrior
 10099 | D:9      | Reached XP level 11. HP: 63/75 MP: 11/11
 10180 | D:9      | Noticed an eight-headed hydra
 10180 | D:9      | Noticed a harpy
 10193 | D:9      | Killed an eight-headed hydra
 10200 | D:9      | Killed a harpy
 10655 | D:9      | Found a staircase to the Lair.
 10704 | D:9      | Received a gift from Trog
 10782 | D:9      | Noticed Gastronok
 10808 | D:9      | Killed Gastronok
 11408 | D:6      | Bought a +3 leather armour of poison resistance for 294 gold pieces
 11655 | Lair:1   | Entered Level 1 of the Lair of Beasts
 11739 | Lair:1   | Got a scintillating gossamer ring
 11741 | Lair:1   | Identified the ring "Zabiejysk" {MR+ Dex+6} (You found it on level 1 of the Lair of Beasts)
 12030 | Lair:1   | Reached skill level 1 in Stealth
 12348 | Lair:1   | Reached skill level 10 in Fighting
 12348 | Lair:1   | Reached skill level 10 in Short Blades
 12411 | Lair:1   | Reached XP level 12. HP: 45/84 MP: 12/12
 12829 | Lair:1   | Received a gift from Trog
 13460 | Lair:2   | Noticed Urug
 13480 | Lair:2   | Killed Urug
 13480 | Lair:2   | Reached skill level 10 in Dodging
 13505 | Lair:2   | Slain by a komodo dragon

Action                   |  1- 3 |  4- 6 |  7- 9 | 10-12 || total
-------------------------+-------+-------+-------+-------++-------
Melee: Short sword       |    68 |       |   248 |   541 ||   857
       Dagger            |    51 |   207 |    52 |       ||   310
       Flail             |       |       |   143 |   224 ||   367
       Hammer            |       |       |    36 |       ||    36
 Fire: Hunting sling     |     3 |    37 |    18 |    24 ||    82
Throw: Stone             |    31 |       |       |       ||    31
       Tomahawk          |     2 |     1 |     3 |    46 ||    52
Invok: Berserk           |     2 |     5 |     9 |     5 ||    21
       Burn Spellbooks   |       |     1 |       |       ||     1
       Trog's Hand       |       |       |       |     1 ||     1
  Use: Scroll            |     5 |       |     4 |    11 ||    20
       Potion            |       |     3 |       |     6 ||     9
 Stab: Sleeping          |       |       |       |     1 ||     1
  Eat: Chunk             |    12 |     8 |    25 |    28 ||    73
